 Dungeon Crawl Stone Soup version 0.29-a0-8-g0446c0dae4 (webtiles) character file.

Game seed: 17984713782241688452

39 HallandMoats the Ruffian (level 3, -1/33 HPs)
             Began as a Ghoul Monk on Jan 27, 2022.
             Was a Believer of Nemelex Xobeh.
             Slain by a goblin (3 damage)
             ... led by Robin
             ... on level 2 of the Dungeon.
             The game lasted 00:01:26 (1753 turns).

HallandMoats the Ruffian (Ghoul Monk)               Turns: 1753, Time: 00:01:31

Health: -1/33      AC:  2    Str: 14    XL:     3   Next: 47%
Magic:  2/2        EV: 12    Int:  5    God:    Nemelex Xobeh [**....]
Gold:   92         SH:  0    Dex: 13    Spells: 2/2 levels left

rFire   . . .      SeeInvis .     - Unarmed
rCold   + . .      Faith    .   (no shield)
rNeg    + + +      Spirit   .   a - +0 robe
rPois   ∞          Reflect  .   (no helmet)
rElec   .          Harm     .   (no cloak)
rCorr   .          Rampage  .   (no gloves)
Will    .....                   (no boots)
Stlth   ++........              (no amulet)
HPRegen 0.00/turn               (no ring)
MPRegen 0.08/turn               (no ring)

@: elixired, inhibited regen
A: claws 1, cold resistance 1, negative energy resistance 3, inhibited
regeneration, torment resistance 2
a: Renounce Religion, Draw Escape, Draw Destruction, Draw Summoning


You were on level 2 of the Dungeon.
You worshipped Nemelex Xobeh.
Nemelex Xobeh was pleased with you.
You visited 1 branch of the dungeon, and saw 2 of its levels.

You collected 92 gold pieces.

Inventory:

Armour
 a - a +0 robe (worn)
Scrolls
 b - 2 scrolls of enchant weapon {unknown}
 d - a scroll of teleportation {unknown}
 f - a scroll of identify {unknown}
 g - a scroll of silence {unknown}
Potions
 c - a potion of heal wounds {unknown}
 e - a potion of brilliance {unknown}


   Skills:
 * Level 3.8 Fighting
 + Level 0.5 Armour
 + Level 3.0 Dodging
 - Level 2.1 Stealth
 * Level 3.9 Unarmed Combat
 + Level 0.7 Invocations


You had 2 spell levels left.
You didn't know any spells.
Your spell library was empty.

Dungeon Overview and Level Annotations

Branches:
Dungeon (2/15)

Altars:
Nemelex Xobeh
Yredelemnul

Annotations:
D:2 Robin


Innate Abilities, Weirdness & Mutations

You thrive by killing the living.
You are immune to poison.
You have sharp fingernails.
Your flesh is cold resistant. (rC+)
You are immune to negative energy. (rN+++)
You do not regenerate when monsters are visible.
You are immune to unholy pain and torment.


Message History

Nemelex Xobeh welcomes you!
Nemelex will now gift you decks of power as you gain piety.
Nemelex Xobeh deals you some cards!
You now have 2 escape cards, 3 destruction cards and 1 summoning card.
You can now draw from decks of power.
Nemelex Xobeh deals you some cards!
You now have 3 escape cards, 10 destruction cards and 1 summoning card.
The goblin hits you with a +0 dagger.
* * * LOW HITPOINT WARNING * * *
Robin throws the goblin at you!
* * * LOW HITPOINT WARNING * * *
The goblin hits you with a +0 club.
* * * LOW HITPOINT WARNING * * *
Unknown command.
Press < or > to pray at altars.
Unknown command.
Press < or > to pray at altars.
You draw a card...
You have drawn the Elixir.
You begin rapidly regenerating health and magic.
The goblin hits you with a +0 dagger.
* * * LOW HITPOINT WARNING * * *
The goblin misses you. The goblin hits you with a +0 club.
* * * LOW HITPOINT WARNING * * *
A goblin comes into view. It is wielding a +0 dagger.
Robin throws the goblin at you!
Unknown command.
Press < or > to pray at altars.
Unknown command.
Press < or > to pray at altars.
Unknown command.
Press < or > to pray at altars.
Unknown command.
Press < or > to pray at altars.
You draw a card...
You have drawn the Elixir.
You begin rapidly regenerating health and magic.
The goblin hits you but does no damage. The goblin hits you with a +0 dagger.
* * * LOW HITPOINT WARNING * * *
The goblin misses you. The goblin hits you with a +0 club.
You die...
Your body disappears without a glow.

#.##.........
#.#####.#####
###### ##.## #.#
#....# #...# #.#
#....## ##...# #.#
#.#...## ##...##
#.# #.##...###...##
#.#
####.###..ggg..####
#.#####
#......##.g@..##..#
#.#....
#.########gg.##...#
#.#....
#.#......#...#....#
#.#....
#.##.#####...#....#
#.#....
#........#.g.#....#
#.#....
####.####....#....#
#.#....
#.#.......g)g..+
#......
#.#.#######.g..#
###.... #.#.#
.....# #....


You could see Robin (fast) and 7 goblins.

Vanquished Creatures
  2 bats (D:1)
  5 endoplasms
  A giant cockroach (D:1)
  3 goblins (D:2)
  2 hobgoblins (D:2)
  4 jackals (D:1)
  2 kobolds (D:1)
  3 quokkas
  6 ball pythons
  5 frilled lizards
  2 rats (D:1)
35 creatures vanquished.

Notes
Turn   | Place    | Note
-------+----------+-------------------------------------------
     0 | D:1      | HallandMoats the Ghoul Monk began the quest for the Orb.
     0 | D:1      | Reached XP level 1. HP: 19/19 MP: 0/0
   135 | D:1      | Reached XP level 2. HP: 8/26 MP: 1/1
   795 | D:1      | Reached XP level 3. HP: 33/33 MP: 2/2
  1278 | D:2      | Found a basalt altar of Yredelemnul.
  1641 | D:2      | Found a faded altar of an unknown god.
  1737 | D:2      | Noticed Robin
  1751 | D:2      | Prayed at the altar of an unknown god.
  1751 | D:2      | Became a worshipper of Nemelex Xobeh the Trickster
  1751 | D:2      | Reached * piety under Nemelex Xobeh
  1751 | D:2      | Received a gift from Nemelex Xobeh
  1751 | D:2      | Reached ** piety under Nemelex Xobeh
  1751 | D:2      | Received a gift from Nemelex Xobeh
  1752 | D:2      | HP: 1/33 [goblin[Robin] (2)]
  1753 | D:2      | Slain by a goblin

Illustrated notes

Levels and vault maps discovered:
D:1:      matt_arrival_spirals, layout_basic, interstate_on_off, minivault_26
D:2:      layout_basic, hellmonk_ecumenical_altar_crossroads, basic_altar,
          uniq_robin

Skill      XL: |  1  2  3 |
---------------+----------+-----
Dodging        | 3 |  3.0
Fighting       | |  3.8
Armour         | |  0.5
Stealth        | |  2.1
Unarmed Combat | |  3.9
Invocations    | |  0.7

Action                   || total
-------------------------++-------
Melee: Unarmed           ||   106
       Punch             ||     2
Invok: Draw Escape       ||     2
 Stab: Sleeping          ||     5
Armor: Robe              ||    37
Dodge: Dodged            ||    88

Table legend: (Time is in decaauts)
 A = Elapsed time spent in this place.
 B = Non-inter-level travel time spent in this place.
 C = Inter-level travel time spent in this place.
 D = Time resting spent in this place.
 E = Time spent auto-exploring this place.
 F = Levels seen in this place.
 G = Mean time per level.
                   A        B        C        D        E       F      G
               +--------+--------+--------+--------+--------+-----+--------+
         Total |   1745 |   1725 |     20 |      0 |   1462 |   2 |  872.5 |
       Dungeon |   1745 |   1725 |     20 |      0 |   1462 |   2 |  872.5 |
               +--------+--------+--------+--------+--------+-----+--------+

Top non-repeatable levels by time:
     D:1: 1192 daAuts
     D:2: 552 daAuts
